 Dungeon Crawl Stone Soup version 0.29.1-15-g9cfb28693d (webtiles) character file.

Game seed: 3370635383432696371

13 Descartes the Poker (level 2, -1/15 HPs)
             Began as a Deep Elf Wanderer on Apr 22, 2023.
             Slain by a hobgoblin (5 damage)
             ... on level 1 of the Dungeon.
             The game lasted 00:00:55 (804 turns).

Descartes the Poker (Deep Elf Wanderer)              Turns: 804, Time: 00:00:56

Health: -1/15      AC:  2    Str: 13    XL:     2   Next: 24%
Magic:  7/7        EV: 11    Int: 14    God:
Gold:   20         SH:  0    Dex: 12    Spells: 5/6 levels left

rFire   . . .      SeeInvis .   a - +0 trident
rCold   . . .      Faith    .   (no shield)
rNeg    . . .      Spirit   .   f - +0 robe
rPois   .          Reflect  .   (no helmet)
rElec   .          Harm     .   (no cloak)
rCorr   .          Rampage  .   (no gloves)
Will    .....                   (no boots)
Stlth   ++........              (no amulet)
HPRegen 0.05/turn               (no ring)
MPRegen 0.10/turn               (no ring)

@: no status effects
A: no striking features
a: no special abilities


You were on level 1 of the Dungeon.
You visited 1 branch of the dungeon, and saw 1 of its levels.

You collected 20 gold pieces.

Inventory:

Hand Weapons
 a - a +0 trident (weapon)
 b - a +0 sling
 d - a +0 dagger
Missiles
 c - 7 poisoned darts (quivered)
Armour
 f - a +0 robe (worn)
Scrolls
 e - a scroll of teleportation
 i - a scroll of magic mapping {unknown}
 j - a scroll of identify {unknown}
 k - 3 scrolls of blinking {unknown}
Potions
 g - a potion of degeneration {unknown}
 h - a potion of ambrosia {unknown}


   Skills:
 - Level 2.9 Polearms
 - Level 2.6 Ranged Weapons
 - Level 1.0 Throwing
 - Level 1.5 Armour
 - Level 1.2 Stealth
 + Level 2.7 Spellcasting


You had 5 spell levels left.
You knew the following spells:

 Your Spells              Type           Power      Damage    Failure   Level
a - Summon Small Mammal   Summ           4%         N/A       22%         1

Your spell library contained the following spells:

 Spells                   Type           Power      Damage    Failure   Level
 Apportation              Tloc           2%         N/A       22%         1
 Necrotise                Necr           4%         1d4       22%         1


Dungeon Overview and Level Annotations

Branches:
Dungeon (1/15)

Altars:


Message History

Found a stone staircase leading down.
A hobgoblin comes into view.
Found a robe.
You see here a scroll labelled DUUCOU POMNASIPHEM.
A hobgoblin is nearby!
A rat comes into view.
You reach to attack!
You closely miss the hobgoblin. You barely miss the hobgoblin.
The hobgoblin hits you.
You closely miss the hobgoblin. The hobgoblin hits you.
You barely miss the hobgoblin. The hobgoblin hits you.
You are too injured to fight recklessly!
You are too injured to fight recklessly!
You are too injured to fight recklessly!
You are too injured to fight recklessly!
You are too injured to fight recklessly!
You are too injured to fight recklessly!
You are too injured to fight recklessly!
You are too injured to fight recklessly!
You are too injured to fight recklessly!
You are too injured to fight recklessly!
You are too injured to fight recklessly!
You are too injured to fight recklessly!
You are too injured to fight recklessly!
You are too injured to fight recklessly!
You are too injured to fight recklessly!
You are too injured to fight recklessly!
You are too injured to fight recklessly!
You are too injured to fight recklessly!
You are too injured to fight recklessly!
You are too injured to fight recklessly!
You hit the hobgoblin but do no damage.
The hobgoblin hits you but does no damage.
You hit the hobgoblin.
The hobgoblin is heavily wounded.
The hobgoblin hits you.
* * * LOW HITPOINT WARNING * * *
You hit the hobgoblin.
The hobgoblin is severely wounded.
The hobgoblin hits you.
You die...

# #.#######
#.......############ #.
#................
#.##.##.#....###.###
#.#.?##.####.###.#
#...###..........#
#.....#.####.#.#.#
#..@..### #.#.#.###
....>..g..+ #.#.#..).
###...#...# #........
.[....r...#
#.####.[†...
###........
........###.
.............####+#....
####....#....
#......###
.#..#.....#.........
+.......##


You could see a hobgoblin and a rat.

Vanquished Creatures
  An endoplasm (D:1)
  3 hobgoblins (D:1)
  3 quokkas (D:1)
  A ball python (D:1)
  3 frilled lizards (D:1)
  A rat (D:1)
12 creatures vanquished.

Notes
Turn   | Place    | Note
-------+----------+-------------------------------------------
     0 | D:1      | Descartes the Deep Elf Wanderer began the quest for the
                  | Orb.
     0 | D:1      | Descartes set off with the following items: a +0 trident, a
                  | +0 sling, 7 poisoned darts, a +0 dagger, a scroll of
                  | teleportation, a +0 robe.
     0 | D:1      | Reached XP level 1. HP: 10/10 MP: 3/3
    44 | D:1      | Reached skill level 1 in Spellcasting
   145 | D:1      | Learned a level 1 spell: Summon Small Mammal
   170 | D:1      | Reached XP level 2. HP: 15/15 MP: 7/7
   691 | D:1      | Found a faded altar of an unknown god.
   804 | D:1      | Slain by a hobgoblin

Illustrated notes

Levels and vault maps discovered:
D:1:      lemuel_arrival_funnel, layout_basic,
          shapermc_ecumenical_altar_notcrosses

Skill      XL: |  1 |
---------------+----+-----
Spellcasting   | 2 |  2.7
Polearms       | |  2.9
Ranged Weapons | |  2.6
Throwing       | |  1.0
Armour         | |  1.5
Stealth        | |  1.2

Action                   || total
-------------------------++-------
Melee: Trident           ||    30
 Stab: Sleeping          ||     3
Armor: Robe              ||     2
Dodge: Dodged            ||     9
